 Dungeon Crawl Stone Soup version 0.20.1-1-g8b1a95d (webtiles) character file.

1857334 vodatkuri the Warrior (level 27, 156/156 HPs)
             Began as a Vine Stalker Conjurer on July 15, 2017.
             Was the Champion of Fedhas.
             Escaped with the Orb
             ... and 3 runes on July 16, 2017!
             The game lasted 06:14:22 (58372 turns).

vodatkuri the Warrior (Vine Stalker Conjurer)      Turns: 58372, Time: 06:14:23

Health: 156/156    AC: 42    Str: 21    XL:     27
Magic:  32/32      EV: 19    Int: 15    God:    Fedhas [******]
Gold:   372        SH: 21    Dex: 20    Spells: 24/42 levels left

rFire    + . .     SeeInvis +   G - +9 demon trident (venom)
rCold    + . .     Gourm    .   N - +5 shield {reflect}
rNeg     + . .     Faith    .   h - +12 chain mail "Anuepn" {rElec Regen+ Slay+3}
rPois    +         Spirit   +   H - +0 helmet "Laduum" {rC+ rCorr Dex+4}
rElec    +         Reflect  +   A - +2 cloak {rPois}
rCorr    +         Harm     .   a - +2 pair of gloves
MR       +++++     Clarity  +   b - +2 pair of boots {Stlth+}
Stlth    +.........             t - amulet of the Four Winds {rN+ MR+++ Clar}
Regen    1.6/turn               L - ring of see invisible
MPRegen  0.3/turn               Z - ring of protection from fire

@: no status effects
A: fangs 3, talons 1, slimy green scales 1, clumsy 1, low mp 1, regeneration 2,
magic shield, antimagic bite, no potion heal 3, rot immunity
0: Orb of Zot
}: 3/15 runes: barnacled, silver, gossamer
a: Fungal Bloom, Evolution, Sunlight, Growth, Reproduction, Rain, Renounce
Religion


You escaped.
You worshipped Fedhas.
Fedhas was exalted by your worship.
You were not hungry.

You visited 10 branches of the dungeon, and saw 52 of its levels.
You also visited: Labyrinth.

You collected 8534 gold pieces.
You spent 8162 gold pieces at shops.

Inventory:

Hand Weapons
 G - a +9 demon trident of venom (weapon)
 X - a +1 antimagic demon trident
Armour
 a - a +2 pair of gloves (worn)
 b - a +2 pair of boots of stealth (worn)
 h - the +12 chain mail "Anuepn" (worn) {rElec Regen+ Slay+3}
   (You found it on level 3 of the Spider Nest)

   It affects your accuracy and damage with ranged weapons and melee attacks
   (+3).
   It insulates you from electricity.
   It increases your rate of regeneration.
 u - the +0 Maxwell's etheric cage {RegenMP+ *Contam rElec MP+4}
   (You found it on level 1 of the Depths)

   It insulates you from electricity.
   It affects your magic capacity (+4).
   It causes magical contamination when unequipped.
 x - the +4 plate armour "Gyfud" {rF+ rCorr Dex+4}
   (You bought it in a shop on level 2 of the Vaults)

   It affects your dexterity (+4).
   It protects you from fire.
   It protects you from acid and corrosion.
 A - a +2 cloak of poison resistance (worn)
 H - the +0 helmet "Laduum" (worn) {rC+ rCorr Dex+4}
   (You found it in a labyrinth)

   It affects your dexterity (+4).
   It protects you from cold.
   It protects you from acid and corrosion.
 N - a +5 shield of reflection (worn)
Jewellery
 m - a +5 ring of dexterity
 s - the ring "Zojady" {MP+9 Str+4}
   (You took it off a fire giant on level 4 of the Depths)

   [ring of magical power]

   It affects your strength (+4).
   It affects your magic capacity (+9).
 t - the amulet of the Four Winds (around neck) {rN+ MR+++ Clar}
   (You found it on level 6 of the Lair of Beasts)

   [amulet of nothing]

   It protects you from negative energy.
   It affects your resistance to hostile enchantments.
   It protects you against confusion.
 v - a +3 ring of slaying
 L - a ring of see invisible (left hand)
 Z - a ring of protection from fire (right hand)
Wands
 r - a wand of acid (10/15)
 w - a wand of acid (9/15)
 P - a wand of digging (9/24)
 Q - a wand of acid (6/15)
 T - a wand of clouds (4/9)
Scrolls
 j - 2 scrolls of summoning
 l - a scroll of silence
 n - 22 scrolls of teleportation
 p - 13 scrolls of amnesia
 q - 24 scrolls of remove curse
 y - 6 scrolls of blinking
 C - 6 scrolls of recharging
 D - 2 scrolls of immolation
 F - 3 scrolls of enchant armour
 K - 6 scrolls of fear
 M - a scroll of magic mapping
 O - 5 scrolls of holy word
 U - 9 scrolls of fog
Potions
 d - 16 potions of curing
 g - 4 potions of resistance
 k - 8 potions of flight
 o - 6 potions of mutation
 z - 3 potions of might
 B - 7 potions of berserk rage
 E - 6 potions of brilliance
 J - 2 potions of invisibility
 S - 2 potions of magic
 V - 3 potions of haste
 W - 6 potions of agility
Miscellaneous
 e - a phial of floods
Comestibles
 c - 22 bread rations
 i - 11 meat rations
 I - 21 fruits


   Skills:
 + Level 19.7 Fighting
 + Level 19.4 Polearms
 + Level 19.3 Armour
 + Level 15.7 Dodging
 - Level 11.1 Stealth
 + Level 18.8 Shields
 - Level 8.0 Spellcasting
 - Level 8.1 Conjurations
 - Level 15.2 Invocations


You had 24 spell levels left.
You knew the following spells:

 Your Spells              Type           Power        Failure   Level  Hunger
a - Dazzling Spray        Conj/Hex       ###...       26%         3    ##.....
b - Searing Ray           Conj           ####..       2%          2    None
c - Iskenderun's Mystic   Conj           ####....     16%         4    ####...
d - Apportation           Tloc           #.....       43%         1    None
e - Summon Butterflies    Summ           #.......     43%         1    None
f - Magic Dart            Conj           ####         1%          1    None
g - Conjure Flame         Conj/Fire      ###.....     26%         3    ##.....
h - Ozocubu's Armour      Chrm/Ice       #.......     80%         3    ##.....


Dungeon Overview and Level Annotations

Branches:
Dungeon (15/15)            Temple (0/1) D:4            Lair (6/6) D:10
 Shoals (4/4) Lair:2       Spider (4/4) Lair:3        Slime (3/5) Lair:6
    Orc (2/2) D:9             Elf (3/3) Orc:2        Vaults (5/5) D:13
  Crypt (0/3) Vaults:3     Depths (5/5) D:15            Zot (5/5) Depths:5

Altars:
Ashenzari
Cheibriados
Dithmenos
Fedhas
Hepliaklqana
Kikubaaqudgha
Makhleb
Okawaru
Qazlal
Ru
Sif Muna
Trog
Uskayaw
Vehumet
Xom
Yredelemnul
Zin
Beogh
Jiyva

Shops:
D:13 }([*   D:14 %   Orc:2 !*(:   Shoals:1 }   Shoals:2 %   Shoals:3 !
Vaults:2 [   Vaults:5 %!!!!%!?}%=!!   Zot:4 *   Depths:3 :   Depths:4 %

Portals:
Hell: Depths:1 Depths:2 Depths:3 Depths:4* Depths:5
Abyss: Depths:1 Depths:2 Depths:4 Depths:5
Pandemonium: Orc:2 Depths:2 Depths:3
Ziggurat: Depths:4

Annotations:
D:4 exclusion: downstairs
D:5 exclusions: downstairs, upstairs and 1 more exclusion, appiemonkey's ghost, novice DDAr
D:6 Duvessa
D:7 exclusion: 2 downstairs
D:8 exclusion: 2 downstairs
D:9 exclusion: 2 downstairs
Lair:3 exclusion: 2 downstairs
Lair:4 exclusion: downstairs
Lair:5 exclusion: 2 downstairs
Slime:3 Dissolution
Orc:1 appiemonkey's ghost, journeyman GrEE
Orc:2 exclusion: upstairs
Elf:1 exclusion: downstairs
Depths:4 exclusion: hyperactive ballistomycete
Zot:2 1 exclusion
Zot:3 1 exclusion
Zot:4 1 exclusion
Zot:5 1 exclusion


Innate Abilities, Weirdness & Mutations

You have razor-sharp teeth.
You heal very quickly.
When hurt, damage is shared between your health and your magic reserves.
Your bite disrupts and absorbs the magic of your enemies.
Potions cannot restore your health.
You are immune to rotting.
You have sharp toenails.
You are partially covered in slimy green scales. (AC +2)
You are clumsy. (Dex -2)
Your magical capacity is low. (-10% MP)


Message History

Fedhas appreciates ongoing decay.
There is a stone staircase leading down here.
(D) Dungeon (T) Temple (L) Lair (A) Shoals (N) Spider Nest (M) Slime Pits (O) Orcish Mines (E) Elven Halls (V) Vaults (C) Crypt (U) Depths (H) Hell (Z) Zot
Where to? (Enter - D:1, ? - help)
Okay, then.
Evoke which item? (* to show all) (? for menu, Esc to quit)
That's the wrong kind of item! (Use * to select it.) Evoke which item? (* to show all) (? for menu, Esc to quit)
Evoke which item? (* to show all) (? for menu, Esc to quit)
Okay, then.
Unknown command.
A monstrous demonspawn, a gelid demonspawn, a warmonger and a black sun come into view.
The gelid demonspawn is wielding a demon blade of draining.
The monstrous black sun shouts!
The gelid demonspawn shouts!
A rust devil comes into view.
There is a staircase leading out of the dungeon here.
You have escaped!

.....####..#..#..##..####.###.# #
##.#...##......#^.........##..# #
....##.##..#...#.............####
....##.##...####......##.....#...
....##..#............####....6.##
....###..............##.##.....#
............###.##.....##6...#.##
#....#.....##.....#..........#..#
#....#....#.....@.##.........##.#
#....#.....##.....#.....6....##.#
............###.##6....##....##.#
.....##.#............##.##..###.#
.....................####...# #.#
.....#####..####......##....###.#
...........#...#.............##..
.......###.....#.####.......####.
######.###.#..#..####.###.### #.


You could see a monstrous demonspawn.

Vanquished Creatures
  6 ancient liches
  Mara (Depths:3)
  2 orbs of fire (Zot:5)
  2 juggernauts
  Boris (Vaults:4)
  Bai Suzhen (Depths:3)
  Frederick (Depths:3)
  Margery (Vaults:2)
  Saint Roka (Vaults:2)
  A curse toe (Zot:5)
  3 Killer Klowns (Zot:5)
  3 caustic shrikes (Depths:4)
  8 golden dragons
  Nikola (Shoals:1)
  A bone dragon (Depths:5)
  the Enchantress (Depths:5)
  A Brimstone Fiend (D:7)
  2 electric golems (Zot:5)
  6 liches
  8 tentacled monstrosities
  Jorgrun (Spider:2)
  22 Orb Guardians
  An Ice Fiend (Depths:1)
  2 quicksilver dragons
  A titan (Vaults:5)
  3 deep elf blademasters
  5 sphinxes
  A kraken (Shoals:3)
  5 acid blobs (Slime:2)
  A storm dragon (Vaults:5)
  5 draconian monks
  6 shadow dragons
  11 tengu reavers
  Kirke (Spider:3)
  3 death cobs
  17 frost giants
  14 fire giants
  5 iron dragons
  A draconian knight (Zot:2)
  3 orc warlords
  Aizul (Shoals:1)
  A juggernaut zombie (Depths:5)
  A deep elf sorcerer (Vaults:3)
  21 vault wardens
  5 ghost moths
  A caustic shrike zombie (Depths:5)
  4 draconian scorchers
  4 draconian shifters
  7 emperor scorpions
  2 draconian stormcallers
  3 spriggan defenders (Depths:5)
  2 draconian annihilators
  8 deep elf elementalists
  An entropy weaver (Vaults:3)
  A war gargoyle (Vaults:5)
  17 ironheart preservers
  33 stone giants
  11 very ugly things
  5 black draconians
  5 vampire knights
  3 deep elf annihilators (Elf:3)
  6 purple draconians
  5 green draconians
  2 deep elf demonologists
  7 spark wasps
  7 yellow draconians
  6 red draconians
  17 ettins
  Snorg (D:10)
  9 merfolk javelineers
  11 deep elf death magi
  21 yaktaur captains
  A death ooze (Slime:2)
  10 great orbs of eyes
  13 fire dragons
  The ghost of Morg0th the Basher, a journeyman DDFi of Okawaru (D:10)
  Josephine (Spider:1)
  8 merfolk impalers
  2 deep elf high priests (Vaults:5)
  A minotaur (Lab)
  39 vault guards
  6 hydras
  Harold (Lair:4)
  Fannar (Orc:1)
  5 spriggan air magi
  2 rakshasas
  22 ice dragons
  3 merfolk avatars
  4 merfolk aquamancers
  19 centaur warriors
  54 two-headed ogres
  2 death knights
  A catoblepas (Shoals:2)
  2 satyrs
  16 dancing weapons
  The ghost of Oddysee the Fighter, a novice BaFi of Ru (D:8)
  17 ogre magi
  A satyr (shapeshifter) (Vaults:1)
  A two-headed ogre (shapeshifter) (Depths:4)
  14 deep troll earth magi
  9 deep troll shamans
  18 tengu warriors
  6 orc high priests
  6 vampire magi
  6 spriggan berserkers
  28 deep elf knights
  6 hell knights
  Sonja (D:11)
  Nergalle (Lair:4)
  A shadow wraith (Depths:5)
  13 skeletal warriors
  A titan skeleton (Depths:5)
  A flayed ghost (Depths:5)
  A sun demon (D:11)
  A shock serpent (shapeshifter) (Vaults:5)
  12 sea snakes
  9 wandering mushrooms
  A sixfirhy (D:8)
  2 unseen horrors
  An infernal demonspawn (Orc:2)
  A death drake (shapeshifter) (Vaults:5)
  35 deep trolls
  11 wizards
  A torturous demonspawn (Depths:3)
  5 iron trolls
  2 glowing orange brains
  The ghost of appiemonkey the Chopper, a novice MiFi of Okawaru (D:6)
  An unseen horror (shapeshifter) (Depths:3)
  9 deep elf archers
  19 ironbrand convokers
  2 phantasmal warriors
  14 orb spiders
  32 harpies
  6 necromancers
  20 orc knights
  4 orc sorcerers
  70 deep elf magi
  A manticore (shapeshifter) (Vaults:3)
  A stone giant zombie (Vaults:4)
  A mana viper (shapeshifter) (Vaults:5)
  A shadow dragon zombie (Depths:5)
  A wolf spider zombie (D:13)
  A tengu skeleton (Vaults:5)
  16 cyclopes
  29 wolf spiders
  7 fauns (Shoals:2)
  61 ugly things
  7 elephants
  A moth of wrath (shapeshifter) (Vaults:4)
  2 shining eyes
  3 black mambas
  17 manticores
  5 merfolk sirens
  A human zombie (Vaults:4)
  6 moths of wrath
  A centaur zombie (D:14)
  An iron dragon skeleton (Depths:5)
  2 rust devils (Orc:2)
  20 vault sentinels
  8 water nymphs
  An elf zombie (Depths:5)
  An eye of devastation (shapeshifter) (Vaults:5)
  A molten gargoyle (D:13)
  A guardian serpent (shapeshifter) (Elf:3)
  2 smoke demons
  A frost giant skeleton (Vaults:2)
  10 spiny frogs
  A yaktaur zombie (Vaults:5)
  2 torpor snails
  4 gargoyles
  An orange demon (Orc:2)
  A redback zombie (D:15)
  8 freezing wraiths
  A spriggan skeleton (Depths:5)
  2 efreet
  6 komodo dragons
  11 demonic crawlers
  3 ice devils
  A hellwing (Orc:2)
  4 tengu conjurers
  A yaktaur (shapeshifter) (Vaults:5)
  A tormentor (Depths:3)
  A komodo dragon (shapeshifter) (Depths:2)
  38 yaktaurs
  13 trolls
  A red devil (Depths:3)
  2 jumping spiders (shapeshifter)
  6 wind drakes
  3 meliai (D:15)
  A troll (shapeshifter) (Vaults:2)
  A wolf spider simulacrum (D:15)
  A wind drake (shapeshifter) (Depths:3)
  34 jumping spiders
  42 merfolk
  2 polar bears (Lair:6)
  A hornet (shapeshifter) (Depths:2)
  9 hornets
  4 tyrant leeches (Spider:2)
  An ettin zombie (Vaults:5)
  6 hippogriffs
  11 dream sheep
  36 slime creatures
  A blink frog (shapeshifter) (Depths:3)
  6 snapping turtles
  6 blink frogs
  A meliai zombie (D:15)
  A slime creature (shapeshifter) (Depths:4)
  5 wyverns
  18 yaks
  14 spriggans
  10 air elementals
  49 redbacks
  6 wraiths
  3 yaks (shapeshifter)
  Sigmund (D:4)
  A ynoxinul (Depths:3)
  18 tarantellas
  8 basilisks
  20 water elementals
  A basilisk (shapeshifter) (Vaults:4)
  A human (D:11)
  6 hogs
  6 hungry ghosts
  A neqoxec (Zot:1)
  6 vampire mosquitoes
  2 fire elementals
  A naga (shapeshifter) (Vaults:5)
  6 wargs
  An elf simulacrum (Vaults:5)
  3 swamp worms (Spider:4)
  2 acid dragons
  A water moccasin (shapeshifter) (Elf:1)
  15 water moccasins
  4 floating eyes
  9 porcupines
  44 orc warriors
  2 black bears
  An eye of draining (D:10)
  An ice beast (D:10)
  A sky beast (D:15)
  6 phantoms
  14 wolves
  20 centaurs
  30 ogres
  2 ettin simulacra
  11 crocodiles
  7 boggarts
  2 human skeletons
  2 wyvern zombies
  A bullfrog (shapeshifter) (Vaults:5)
  22 bullfrogs
  7 earth elementals
  A glowing shapeshifter simulacrum (Vaults:5)
  Dowan (D:6)
  A scorpion (D:5)
  A water moccasin skeleton (D:8)
  2 troll zombies (D:9)
  8 killer bees
  7 wights
  4 electric eels
  6 howler monkeys
  5 crimson imps
  A lava snake (D:13)
  2 human simulacra
  2 jellies
  2 quasits
  18 orc priests
  2 bullfrog skeletons
  7 hounds
  A bullfrog zombie (D:12)
  6 centaur skeletons
  11 orc wizards
  3 iguanas
  6 hell rats (Lair:4)
  A worker ant (shapeshifter) (Elf:2)
  11 worker ants
  4 ogre zombies (D:9)
  2 hound skeletons
  2 hound zombies
  A worker ant zombie (D:5)
  14 adders
  7 gnolls
  2 river rats (Lair:4)
  6 shadow imps
  2 white imps
  An ufetubus (Depths:3)
  An adder zombie (D:5)
  2 adder skeletons
  20 worms
  A dart slug (D:2)
  2 leopard geckos
  70 orcs
  6 giant cockroaches
  6 goblins
  2 hobgoblins
  7 jackals
  2 quokkas (D:9)
  6 bats
  2 frilled lizards
  A goblin zombie (D:9)
  4 hobgoblin skeletons (D:9)
  5 hobgoblin zombies (D:9)
  3 kobolds
  2 leopard gecko skeletons (D:4)
  2 orc skeletons (D:9)
  10 orc zombies (D:9)
  A quokka skeleton (D:9)
  8 rats
  7 ballistomycetes
  3 ballistomycete spores
  A butterfly (Lair:4)
  4 tentacles (Shoals:3)
  A toadstool (Spider:4)
2197 creatures vanquished.

Vanquished Creatures (collateral kills)
  A Killer Klown (Zot:5)
  A golden dragon (Vaults:5)
  2 Orb Guardians (Zot:5)
  2 deep elf master archers (Elf:3)
  A sphinx (Depths:4)
  A storm dragon (Zot:5)
  Ilsuiw (Shoals:4)
  A draconian stormcaller (Zot:5)
  2 deep elf sorcerers (Elf:3)
  3 deep elf elementalists (Elf:3)
  A very ugly thing (Vaults:5)
  2 deep elf annihilators (Elf:3)
  A vampire knight (Depths:3)
  8 deep elf demonologists
  A red draconian (Zot:5)
  5 deep elf death magi (Elf:3)
  A white draconian (Zot:5)
  A merfolk javelineer (Shoals:4)
  2 fire dragons
  2 merfolk impalers (Shoals:4)
  3 deep elf high priests (Elf:3)
  2 vault guards (Vaults:5)
  2 hydras (Lair:6)
  A merfolk avatar (Shoals:4)
  4 dancing weapons (Elf:2)
  A merfolk aquamancer (Shoals:4)
  4 orc high priests (Orc:2)
  5 spriggans (Lair:6)
  A deep elf knight (Elf:2)
  A soul eater (Orc:2)
  A flayed ghost (Vaults:1)
  2 glowing orange brains
  A torturous demonspawn (Orc:2)
  A deep elf archer (Elf:3)
  A phantasmal warrior (Vaults:5)
  A lindwurm (Lair:4)
  2 ugly things
  2 orc knights (Orc:2)
  A harpy (shapeshifter) (Depths:3)
  2 orc sorcerers (Orc:2)
  3 deep elf magi
  An orb spider (Spider:4)
  2 wolf spiders (Spider:2)
  2 manticores
  A moth of wrath (Zot:5)
  An elephant (Lair:4)
  2 merfolk sirens (Shoals:4)
  A gargoyle (D:11)
  A rime drake (Lair:6)
  2 spiny frogs
  4 komodo dragons
  A freezing wraith (D:9)
  A troll (D:9)
  2 wind drakes
  4 blink frogs
  2 jumping spiders
  4 merfolk
  5 hornets
  A dream sheep (Lair:6)
  3 hippogriffs
  An air elemental (Depths:3)
  A tarantella (Spider:2)
  3 redbacks
  2 basilisks
  A wyvern (Lair:5)
  3 yaks
  2 vampire mosquitoes
  A warg (Orc:2)
  2 water moccasins
  A porcupine (Lair:1)
  7 orc warriors
  2 black bears (Lair:6)
  9 wolves
  3 ogres
  A boggart (Lair:6)
  A crocodile (D:10)
  A bullfrog (Lair:3)
  A gnoll sergeant (D:7)
  A killer bee (D:9)
  A crimson imp (Zot:5)
  4 orc priests (Orc:2)
  A bullfrog skeleton (D:10)
  4 hell rats
  2 ogre zombies (D:9)
  A mummy (D:8)
  3 gnolls
  A river rat (Lair:4)
  A worm (Spider:4)
  12 orcs
  3 jackals (D:8)
  A hobgoblin zombie (D:9)
  2 orc zombies (D:9)
  9 ballistomycete spores
  4 butterflies (Lair:4)
  3 hyperactive ballistomycetes
215 creatures vanquished.

Vanquished Creatures (others)
  A vault warden (Vaults:4)
  2 stone giants
  5 oklob plants
  A merfolk javelineer (Shoals:4)
  4 yaktaur captains
  A rakshasa (Depths:2)
  2 centaur warriors (Depths:2)
  A satyr (Shoals:4)
  A deep elf knight (Elf:1)
  An unseen horror (shapeshifter) (Elf:1)
  2 necromancers (Depths:5)
  104 wandering mushrooms
  A vault sentinel (Vaults:4)
  9 yaktaurs
  A chaos spawn (Depths:4)
  A small abomination (Zot:5)
  40 ballistomycetes
  5 ballistomycete spores
  24 fungi
  3 hyperactive ballistomycetes
  18 plants
  9 tentacles (Shoals:3)
  1661 toadstools
  A withered plant (Shoals:2)
1898 creatures vanquished.

Grand Total: 4310 creatures vanquished

Notes
Turn   | Place    | Note
-------+----------+-------------------------------------------
     0 | D:1      | vodatkuri the Vine Stalker Conjurer began the quest for the Orb.
     0 | D:1      | Reached XP level 1. HP: 9/9 MP: 4/4
   235 | D:1      | Reached XP level 2. HP: 13/13 MP: 0/6
   636 | D:2      | Learned a level 2 spell: Searing Ray
   685 | D:2      | Found a blossoming altar of Fedhas.
   833 | D:2      | Became a worshipper of Fedhas Madash
   953 | D:2      | Reached XP level 3. HP: 16/16 MP: 8/8
  1447 | D:2      | Reached skill level 5 in Conjurations
  1476 | D:2      | Gained mutation: Your natural rate of healing is unusually fast. [Vine Stalker growth]
  1476 | D:2      | Reached XP level 4. HP: 21/21 MP: 4/9
  1737 | D:3      | Found a bloodstained altar of Trog.
  1944 | D:3      | Learned a level 3 spell: Dazzling Spray
  2108 | D:4      | Noticed Sigmund
  2116 | D:4      | HP: 1/21 [something (5)]
  2117 | D:4      | Killed Sigmund
  2117 | D:4      | Reached XP level 5. HP: 1/24 MP: 0/10
  2117 | D:4      | Reached XP level 6. HP: 1/28 MP: 0/11
  2663 | D:5      | Entered Level 5 of the Dungeon
  2990 | D:5      | Noticed appiemonkey's ghost (novice DDAr)
  3145 | D:5      | Reached * piety under Fedhas
  3552 | D:5      | Noticed a phantom
  3700 | D:4      | Found a staircase to the Ecumenical Temple.
  3857 | D:4      | Reached XP level 7. HP: 23/32 MP: 2/12
  4040 | D:4      | Reached skill level 1 in Fighting
  4040 | D:4      | Reached skill level 1 in Invocations
  4869 | D:6      | Learned a level 4 spell: Iskenderun's Mystic Blast
  4892 | D:6      | Found a hazy altar of Hepliaklqana.
  4990 | D:6      | Found a radiant altar of Vehumet.
  4991 | D:6      | Found a stormy altar of Qazlal.
  4993 | D:6      | Found an ancient bone altar of Kikubaaqudgha.
  4993 | D:6      | Found a shimmering altar of Xom.
  5013 | D:6      | Reached skill level 1 in Polearms
  5013 | D:6      | Gained mutation: You have razor-sharp teeth. [Vine Stalker growth]
  5013 | D:6      | Reached XP level 8. HP: 39/39 MP: 7/13
  5139 | D:6      | Noticed Dowan
  5431 | D:6      | Noticed appiemonkey's ghost (novice MiFi)
  5551 | D:6      | Noticed Duvessa
  5723 | D:6      | Killed Dowan
  5814 | D:6      | Gained mutation: You have a pair of small horns on your head. [potion of mutation]
  5814 | D:6      | Gained mutation: You have a pair of horns on your head. [potion of mutation]
  5873 | D:6      | Found a burning altar of Makhleb.
  5905 | D:6      | Found a shattered altar of Ashenzari.
  6466 | D:7      | Found a glowing silver altar of Zin.
  6628 | D:7      | Reached skill level 5 in Polearms
  6770 | D:7      | Reached XP level 9. HP: 42/43 MP: 11/14
  6935 | D:8      | Found an ancient bone altar of Kikubaaqudgha.
  6945 | D:8      | Reached skill level 5 in Invocations
  7063 | D:8      | Noticed Oddysee's ghost (novice BaFi)
  7375 | D:8      | Noticed a centaur warrior
  8788 | D:8      | Found a snail-covered altar of Cheibriados.
  8854 | D:8      | Noticed a hornet
  8867 | D:8      | Killed a hornet
  8935 | D:8      | Reached ** piety under Fedhas
  9165 | D:8      | Killed Oddysee's ghost
  9165 | D:8      | Reached XP level 10. HP: 37/50 MP: 1/15
  9406 | D:9      | Found a staircase to the Orcish Mines.
  9448 | D:8      | Found a deep blue altar of Sif Muna.
  9449 | D:8      | Noticed a two-headed ogre
  9532 | D:8      | Killed a two-headed ogre
  9594 | D:8      | Killed a centaur warrior
  9594 | D:8      | Reached skill level 5 in Fighting
 10143 | D:9      | Found a shadowy altar of Dithmenos.
 10423 | D:9      | Found a sacrificial altar of Ru.
 10916 | D:10     | Entered Level 10 of the Dungeon
 10981 | D:10     | Noticed Morg0th's ghost (journeyman DDFi)
 11065 | D:10     | Noticed a gargoyle
 11789 | D:10     | Noticed an elephant
 11805 | D:10     | Killed an elephant
 11805 | D:10     | Reached XP level 11. HP: 56/56 MP: 7/17
 11808 | D:10     | Found a staircase to the Lair.
 11866 | Lair:1   | Entered Level 1 of the Lair of Beasts
 11866 | Lair:1   | Noticed an oklob plant
 11971 | Lair:1   | Reached skill level 10 in Polearms
 12575 | Lair:1   | Noticed a six-headed hydra
 12592 | Lair:1   | Killed an eight-headed hydra
 12964 | Lair:2   | Got a fine great mace
 12965 | Lair:2   | Identified the +5 great mace of the Dead {drain, rElec rF- MP+9 Dex+3} (You found it on level 2 of the Lair of Beasts)
 13577 | Lair:2   | Found a staircase to the Shoals.
 13577 | Lair:2   | Noticed a manticore
 13588 | Lair:2   | Killed a manticore
 14001 | Lair:3   | Found a hole to the Spider Nest.
 14001 | Lair:3   | Noticed a wolf spider
 14013 | Lair:3   | Killed a wolf spider
 14033 | Lair:3   | Noticed a seven-headed hydra
 14050 | Lair:3   | Killed a seven-headed hydra
 14050 | Lair:3   | Gained mutation: You heal very quickly. [Vine Stalker growth]
 14050 | Lair:3   | Reached XP level 12. HP: 64/64 MP: 1/19
 14674 | Lair:4   | Noticed a six-headed hydra
 14786 | Lair:4   | Noticed Harold
 14817 | Lair:4   | Killed Harold
 14817 | Lair:4   | Reached skill level 1 in Armour
 14841 | Lair:4   | Noticed Nergalle
 14856 | Lair:4   | Killed Nergalle
 15154 | Lair:4   | Killed a six-headed hydra
 15813 | Lair:5   | Reached *** piety under Fedhas
 16357 | Lair:6   | Entered Level 6 of the Lair of Beasts
 16362 | Lair:6   | Noticed a five-headed hydra
 16620 | Lair:5   | Reached XP level 13. HP: 29/70 MP: 6/20
 16896 | Lair:6   | Found a staircase to the Slime Pits.
 16899 | Lair:6   | Found a viscous altar of Jiyva.
 18497 | D:10     | Noticed Snorg
 18510 | D:10     | Killed Snorg
 18576 | D:10     | Killed Morg0th's ghost
 19264 | Orc:1    | Entered Level 1 of the Orcish Mines
 19264 | Orc:1    | Noticed Fannar
 19276 | Orc:1    | Killed Fannar
 19371 | Orc:2    | Entered Level 2 of the Orcish Mines
 19383 | Orc:2    | Reached skill level 10 in Fighting
 19532 | Orc:2    | Found a staircase to the Elven Halls.
 19645 | Orc:2    | Reached XP level 14. HP: 77/77 MP: 20/22
 19652 | Orc:2    | Found Inuoh's Distillery.
 19736 | Orc:2    | Found Nudued's General Store.
 19752 | Orc:2    | Reached **** piety under Fedhas
 19846 | Orc:2    | Bought a potion of agility for 56 gold pieces
 19848 | Orc:2    | Bought a scroll of fog for 24 gold pieces
 20734 | Orc:2    | Reached skill level 5 in Dodging
 20815 | Orc:2    | Reached ***** piety under Fedhas
 20978 | Orc:2    | Reached skill level 10 in Invocations
 21075 | Orc:2    | Reached skill level 1 in Shields
 21107 | Orc:2    | Found Takiatso's Antique Weapon Shop.
 21107 | Orc:2    | Found a one-way gate leading to the halls of Pandemonium.
 21107 | Orc:2    | Found Owomp's Book Boutique.
 21448 | Orc:1    | Noticed appiemonkey's ghost (journeyman GrEE)
 21515 | Orc:1    | Found a roughly hewn altar of Beogh.
 22538 | D:11     | Gained mutation: You evolve. [mutagenic meat]
 22600 | D:11     | Noticed Sonja
 22615 | D:11     | Killed Sonja
 22714 | D:12     | Found a labyrinth entrance.
 22742 | Lab      | Entered a labyrinth
 22926 | Lab      | Got a bone war axe {protect}
 22942 | Lab      | Got a crude leather armour
 22953 | Lab      | Identified the +3 leather armour "Siwadwogh" {+Inv} (You took it off a minotaur in a labyrinth)
 22964 | Lab      | Identified the +8 war axe of the Mouth {protect, +Inv rF++} (You took it off a minotaur in a labyrinth)
 22973 | Lab      | Identified the Volume of Shape Shifting and Snow
 22980 | Lab      | Got a translucent helmet
 23016 | Lab      | Got a transparent great mace
 23022 | Lab      | Identified the +6 great mace "Mozeigy" {drain, rC+ Dex+3} (You found it in a labyrinth)
 23066 | D:12     | Found a snail-covered altar of Cheibriados.
 23117 | D:12     | Reached skill level 15 in Polearms
 23546 | D:13     | Found Lius's Gadget Shop.
 23831 | D:13     | Lost mutation: You have a pair of horns on your head. [potion of mutation]
 23831 | D:13     | Lost mutation: You have a pair of small horns on your head. [potion of mutation]
 23831 | D:13     | Lost mutation: You evolve. [potion of mutation]
 23831 | D:13     | Gained mutation: You possess an exceptional clarity of mind. [potion of mutation]
 23831 | D:13     | Gained mutation: You have a pair of small antennae on your head. [potion of mutation]
 23834 | D:13     | Lost mutation: You possess an exceptional clarity of mind. [potion of mutation]
 23834 | D:13     | Lost mutation: You have a pair of small antennae on your head. [potion of mutation]
 23834 | D:13     | Gained mutation: Your spells are a little easier to cast, but a little less powerful. [potion of mutation]
 23834 | D:13     | Gained mutation: You are resistant to hostile enchantments. (MR+) [potion of mutation]
 23844 | D:13     | Reached XP level 15. HP: 64/81 MP: 18/23
 23850 | D:13     | Identified the +0 helmet "Laduum" {rC+ rCorr Dex+4} (You found it in a labyrinth)
 23854 | D:13     | Got a shimmering helmet
 23865 | D:13     | Identified the +1 helmet of Watchfulness {+Inv rN+ MR-} (You found it on level 13 of the Dungeon)
 23954 | D:13     | Found a gate to the Vaults.
 24081 | D:13     | Found Voadduth's Armour Shop.
 24108 | D:13     | Bought a +1 pair of boots of stealth for 181 gold pieces
 24125 | D:13     | Found Fidachyci's Weapon Emporium.
 24244 | D:13     | Found Ufureig's General Store.
 24268 | D:13     | Bought a scroll of identify for 26 gold pieces
 24268 | D:13     | Bought a scroll of identify for 26 gold pieces
 24268 | D:13     | Bought a scroll of identify for 26 gold pieces
 24634 | D:14     | Found Acimimul's Food Shop.
 24640 | D:14     | Bought 4 fruits for 66 gold pieces
 25097 | D:14     | Reached skill level 5 in Stealth
 25473 | D:14     | Reached ****** piety under Fedhas
 25707 | D:15     | Entered Level 15 of the Dungeon
 25926 | D:15     | Learned a level 1 spell: Apportation
 25928 | D:15     | Learned a level 1 spell: Summon Butterflies
 25929 | D:15     | Found a shimmering altar of Xom.
 26109 | D:15     | Learned a level 3 spell: Conjure Flame
 26170 | D:15     | Found a staircase to the Depths.
 26323 | D:15     | Reached XP level 16. HP: 50/86 MP: 21/24
 26388 | D:15     | Reached skill level 5 in Shields
 27057 | D:13     | Bought a +2 cloak of poison resistance for 203 gold pieces
 27223 | Spider:1 | Entered Level 1 of the Spider Nest
 27469 | Spider:1 | Noticed Josephine
 27486 | Spider:1 | Killed Josephine
 27525 | Spider:1 | Identified the Guide on Arcane Weapons
 28581 | Spider:2 | Noticed Jorgrun
 28599 | Spider:2 | Killed Jorgrun
 28985 | Spider:3 | Got a shimmering chain mail
 28998 | Spider:3 | Identified the +12 chain mail "Anuepn" {rElec Regen+ Slay+3} (You found it on level 3 of the Spider Nest)
 29095 | Spider:3 | Noticed Kirke
 29116 | Spider:3 | Killed Kirke
 29188 | Spider:3 | Reached skill level 5 in Armour
 29762 | Spider:4 | Entered Level 4 of the Spider Nest
 29835 | Spider:4 | Reached XP level 17. HP: 72/91 MP: 22/26
 30482 | Spider:4 | Got a gossamer rune of Zot
 30996 | Elf:1    | Entered Level 1 of the Elven Halls
 31066 | Elf:1    | You fall through a shaft!
 31070 | Elf:2    | Reached skill level 10 in Armour
 31308 | Elf:2    | Found a runed gate.
 31309 | Elf:2    | Found a runed gate.
 31313 | Elf:2    | Found a runed gate.
 32063 | Elf:1    | Reached XP level 18. HP: 92/96 MP: 23/27
 32268 | Elf:1    | Found an ancient bone altar of Kikubaaqudgha.
 33316 | Elf:3    | Entered Level 3 of the Elven Halls
 34362 | Elf:3    | Noticed a deep elf master archer
 34398 | Elf:3    | Noticed a deep elf master archer
 34398 | Elf:3    | Killed a deep elf master archer
 34399 | Elf:3    | Killed a deep elf master archer
 34431 | Elf:3    | Noticed a deep elf blademaster
 34542 | Elf:3    | Noticed a deep elf blademaster
 34549 | Elf:3    | Killed a deep elf blademaster
 34566 | Elf:3    | Got a fine graven amulet
 34574 | Elf:3    | Reached XP level 19. HP: 100/100 MP: 28/28
 34759 | Elf:3    | Reached skill level 15 in Armour
 34807 | Elf:3    | Identified the amulet "Yxeqaith" {*Corrode +Fly Regen+ Int+2 Slay+3} (You took it off a deep elf blademaster on level 3 of the Elven Halls)
 34827 | Elf:3    | Got a distressingly furry leather armour
 34839 | Elf:3    | Identified the cursed +1 leather armour "Livvic" {rC+ Int+7} (You took it off a deep elf annihilator on level 3 of the Elven Halls)
 34847 | Elf:3    | Got a translucent scale mail
 34853 | Elf:3    | Identified the cursed +0 scale mail "Noes" {rC+ Int-5 Dex+6 Stlth+} (You took it off an orc high priest on level 3 of the Elven Halls)
 34896 | Elf:3    | Got an encrusted trident
 34897 | Elf:3    | Identified the +3 trident of Wiqijog {pierce, +Rage Str+4 Int+3} (You found it on level 3 of the Elven Halls)
 35375 | Shoals:1 | Entered Level 1 of the Shoals
 35384 | Shoals:1 | Noticed Nikola
 35414 | Shoals:1 | Killed Nikola
 35478 | Shoals:1 | Noticed Aizul
 35489 | Shoals:1 | Killed Aizul
 35547 | Shoals:1 | Found Ykeysirph's Gadget Boutique.
 36486 | Shoals:2 | Found Kumos's Food Shoppe.
 36542 | Shoals:2 | Bought 4 fruits for 84 gold pieces
 36542 | Shoals:2 | Bought a fruit for 21 gold pieces
 36975 | Shoals:3 | Found Ibaonnyf's Distillery.
 36998 | Shoals:3 | Bought 2 potions of agility for 112 gold pieces
 36998 | Shoals:3 | Bought a potion of haste for 140 gold pieces
 36998 | Shoals:3 | Bought a potion of agility for 56 gold pieces
 37698 | Shoals:4 | Entered Level 4 of the Shoals
 37749 | Shoals:4 | Noticed Ilsuiw
 37758 | Shoals:4 | Killed Ilsuiw
 37968 | Shoals:4 | Reached XP level 20. HP: 107/107 MP: 29/29
 38025 | Shoals:4 | Reached skill level 10 in Shields
 38417 | Shoals:4 | Got a barnacled rune of Zot
 38679 | Shoals:4 | Got a bloodstained rapier
 38680 | Shoals:4 | Identified the +9 rapier of Uskayaw's Castigation {speed, rN+ MR+ Int+4} (You found it on level 4 of the Shoals)
 38916 | Vaults:1 | Entered Level 1 of the Vaults
 40676 | Vaults:2 | Noticed Saint Roka
 40693 | Vaults:2 | Reached XP level 21. HP: 80/114 MP: 26/30
 40733 | Vaults:2 | Killed Saint Roka
 41174 | Vaults:2 | Noticed Margery
 41188 | Vaults:2 | Killed Margery
 41260 | Vaults:2 | Found Hanko's Antique Armour Shoppe.
 41788 | Vaults:3 | Reached skill level 5 in Spellcasting
 42901 | Vaults:3 | Reached XP level 22. HP: 121/121 MP: 32/32
 42942 | Vaults:3 | Found a staircase to the Crypt.
 42942 | Vaults:3 | Found a basalt altar of Yredelemnul.
 42943 | Vaults:3 | Found an ancient bone altar of Kikubaaqudgha.
 43238 | Vaults:4 | Reached skill level 10 in Stealth
 43276 | Vaults:4 | Reached skill level 15 in Shields
 43401 | Vaults:4 | Noticed Boris
 43421 | Vaults:4 | Killed Boris
 44631 | Depths:1 | Entered Level 1 of the Depths
 44847 | Depths:1 | Reached skill level 15 in Fighting
 45098 | Depths:1 | Found an iron altar of Okawaru.
 45152 | Depths:1 | Got a faintly humming cloak
 45163 | Depths:1 | Identified the +0 cloak "Qauzxes" {rF+} (You found it on level 1 of the Depths)
 45237 | Depths:1 | Got a slimy scale mail
 45248 | Depths:1 | Identified the +6 scale mail of Proximity {rF+ MP+9} (You found it on level 1 of the Depths)
 45449 | Depths:1 | Found a one-way gate to the infinite horrors of the Abyss.
 45537 | Depths:1 | Found a gateway to Hell.
 45834 | Depths:2 | Reached XP level 23. HP: 126/126 MP: 36/36
 46182 | Depths:2 | Found a hide-covered altar of Uskayaw.
 46183 | Depths:2 | Found a hazy altar of Hepliaklqana.
 46183 | Depths:2 | Found a shimmering altar of Xom.
 46319 | Depths:2 | Noticed a juggernaut
 46329 | Depths:2 | Killed a juggernaut
 46786 | Depths:2 | Noticed a golden dragon
 46815 | Depths:2 | Killed a golden dragon
 46833 | Depths:2 | Identified the Incunabulum of Cankerous Displacement
 46844 | Depths:2 | Got a turquoise-encrusted ring mail
 46863 | Depths:2 | Identified the +3 ring mail of the Slightly Bent {Dex+4} (You took it off a tengu warrior on level 2 of the Depths)
 46938 | Depths:2 | Reached skill level 10 in Dodging
 46940 | Depths:2 | Noticed a golden dragon
 46955 | Depths:2 | Killed a golden dragon
 47268 | Depths:2 | Paralysed by a floating eye for 3 turns
 47412 | Depths:3 | Noticed Frederick
 47420 | Depths:3 | Killed Frederick
 47431 | Depths:3 | Noticed Bai Suzhen
 47449 | Depths:3 | Killed Bai Suzhen
 47449 | Depths:3 | Reached XP level 24. HP: 112/133 MP: 30/36
 47462 | Depths:3 | Noticed Mara
 47480 | Depths:3 | Noticed vodatkuri's illusion
 47619 | Depths:3 | Noticed vodatkuri's illusion
 47633 | Depths:3 | Killed Mara
 48104 | Depths:3 | Found Fuck's Book Boutique.
 48458 | Depths:3 | Paralysed by a floating eye for 3 turns
 48659 | Depths:4 | Found Silucy's Food Shoppe.
 48685 | Depths:4 | Bought a fruit for 15 gold pieces
 48751 | Depths:4 | Found a gateway to a ziggurat.
 49221 | Depths:4 | Noticed a caustic shrike
 49230 | Depths:4 | Noticed a caustic shrike
 49230 | Depths:4 | Noticed a caustic shrike
 49237 | Depths:4 | Killed a caustic shrike
 49252 | Depths:4 | Killed a caustic shrike
 49260 | Depths:4 | Killed a caustic shrike
 49262 | Depths:4 | Reached XP level 25. HP: 99/139 MP: 36/36
 49390 | Depths:4 | Learned a level 3 spell: Ozocubu's Armour
 49451 | Depths:4 | Got an ancient bronze ring
 49786 | Depths:5 | Entered Level 5 of the Depths
 49890 | Depths:5 | Noticed the Enchantress
 49981 | Depths:5 | Killed the Enchantress
 49984 | Depths:5 | Identified the ring "Zojady" {MP+9 Str+4} (You took it off a fire giant on level 4 of the Depths)
 49992 | Depths:5 | Got faerie dragon scales
 50193 | Depths:5 | Noticed a juggernaut
 50205 | Depths:5 | Killed a juggernaut
 50443 | Depths:5 | Noticed an ancient lich
 50451 | Depths:5 | Killed an ancient lich
 50638 | Depths:5 | Reached skill level 15 in Invocations
 50678 | Depths:5 | Identified the Compendium of Dark Rituals
 50752 | Depths:5 | Found a gate to the Realm of Zot.
 51039 | Depths:5 | Identified the +4 faerie dragon scales {rCorr Str+4} (You took it off the Enchantress on level 5 of the Depths)
 51597 | Vaults:2 | Bought shimmering storm dragon scales for 3655 gold pieces
 51613 | Vaults:2 | Identified the +5 storm dragon scales of Jaecw {rElec rC+ rN+ Regen+} (You bought it in a shop on level 2 of the Vaults)
 51617 | Vaults:2 | Bought a shimmering plate armour for 1204 gold pieces
 51631 | Vaults:2 | Identified the +4 plate armour "Gyfud" {rF+ rCorr Dex+4} (You bought it in a shop on level 2 of the Vaults)
 52281 | Slime:1  | Entered Level 1 of the Pits of Slime
 52402 | Slime:2  | Reached XP level 26. HP: 119/146 MP: 36/36
 52457 | Slime:3  | Noticed Dissolution
 52461 | Slime:3  | Gained mutation: You are dopey. (Int -2) [a shining eye]
 52741 | Slime:2  | Gained mutation: You are clumsy. (Dex -2) [a shining eye]
 52744 | Slime:2  | Lost mutation: You are dopey. (Int -2) [potion of mutation]
 52744 | Slime:2  | Lost mutation: You are resistant to hostile enchantments. (MR+) [potion of mutation]
 52744 | Slime:2  | Lost mutation: Your spells are a little easier to cast, but a little less powerful. [potion of mutation]
 52744 | Slime:2  | Lost mutation: You are clumsy. (Dex -2) [potion of mutation]
 52744 | Slime:2  | Gained mutation: You have a pair of small horns on your head. [potion of mutation]
 52744 | Slime:2  | Gained mutation: You have an increased reservoir of magic. (+10% MP) [potion of mutation]
 52745 | Slime:2  | Lost mutation: You have a pair of small horns on your head. [potion of mutation]
 52745 | Slime:2  | Lost mutation: You have an increased reservoir of magic. (+10% MP) [potion of mutation]
 52745 | Slime:2  | Gained mutation: Your muscles are strong. (Str +2) [potion of mutation]
 52745 | Slime:2  | Gained mutation: You are clumsy. (Dex -2) [potion of mutation]
 52745 | Slime:2  | Gained mutation: You have sharp toenails. [potion of mutation]
 53220 | Vaults:5 | Entered Level 5 of the Vaults
 53364 | Vaults:5 | Gained mutation: Your magical capacity is low. (-10% MP) [mutagenic meat]
 53365 | Vaults:5 | Gained mutation: You are partially covered in slimy green scales. (AC +2) [mutagenic meat]
 53382 | Vaults:5 | Got a silver rune of Zot
 53993 | Vaults:5 | Noticed an ancient lich
 54015 | Vaults:5 | Killed an ancient lich
 54530 | Vaults:5 | Reached XP level 27. HP: 153/153 MP: 32/32
 54658 | Vaults:5 | Found Paolaafid's Gadget Shoppe.
 54718 | Vaults:5 | Found Lyzxit's Distillery.
 54718 | Vaults:5 | Found Fogg's Food Shop.
 54721 | Vaults:5 | Found Baoskann's Distillery.
 54735 | Vaults:5 | Bought a potion of haste for 160 gold pieces
 54735 | Vaults:5 | Bought a potion of berserk rage for 80 gold pieces
 54735 | Vaults:5 | Bought a potion of resistance for 160 gold pieces
 54735 | Vaults:5 | Bought a potion of might for 64 gold pieces
 54744 | Vaults:5 | Bought 2 fruits for 30 gold pieces
 54768 | Vaults:5 | Bought a potion of mutation for 168 gold pieces
 54768 | Vaults:5 | Bought a potion of agility for 84 gold pieces
 54768 | Vaults:5 | Bought a potion of agility for 84 gold pieces
 54768 | Vaults:5 | Bought a potion of magic for 168 gold pieces
 54768 | Vaults:5 | Bought a potion of agility for 84 gold pieces
 54778 | Vaults:5 | Found Efaod's Distillery.
 54778 | Vaults:5 | Found Mozeg's Distillery.
 54782 | Vaults:5 | Bought a potion of mutation for 120 gold pieces
 54782 | Vaults:5 | Bought a potion of berserk rage for 75 gold pieces
 54782 | Vaults:5 | Bought a potion of mutation for 120 gold pieces
 54782 | Vaults:5 | Bought a potion of resistance for 150 gold pieces
 54793 | Vaults:5 | Bought a potion of haste for 180 gold pieces
 54793 | Vaults:5 | Bought a potion of haste for 180 gold pieces
 54857 | Vaults:5 | Found Qimusauju's Distillery.
 54862 | Vaults:5 | Bought a potion of haste for 140 gold pieces
 55013 | Vaults:5 | Found Boxaf's Food Shoppe.
 55142 | Vaults:5 | Found Zaemotal's Distillery.
 55143 | Vaults:5 | Found Xonu's Distillery.
 55147 | Vaults:5 | Found Hyka's Jewellery Shop.
 55385 | Vaults:5 | Found Igyeckua's Food Emporium.
 55406 | Vaults:5 | Found Haiklet's Magic Scroll Emporium.
 55410 | Vaults:5 | Bought a scroll of blinking for 150 gold pieces
 55410 | Vaults:5 | Bought a scroll of magic mapping for 70 gold pieces
 55954 | Zot:1    | Entered Level 1 of the Realm of Zot
 56586 | Zot:5    | Entered Level 5 of the Realm of Zot
 56874 | Zot:5    | Reached skill level 15 in Dodging
 56902 | Zot:5    | Noticed an ancient lich
 56906 | Zot:5    | Killed an ancient lich
 56914 | Zot:5    | Noticed an orb of fire
 56932 | Zot:4    | Found Penuskuj's Changing Room.
 57114 | Zot:5    | Killed an orb of fire
 57129 | Zot:5    | Noticed an ancient lich
 57152 | Zot:5    | Killed an ancient lich
 57202 | Zot:5    | Noticed an orb of fire
 57218 | Zot:5    | Killed an orb of fire
 57259 | Zot:5    | Noticed an ancient lich
 57266 | Zot:5    | Killed an ancient lich
 57343 | Zot:5    | Noticed an ancient lich
 57359 | Zot:5    | Killed an ancient lich
 57547 | Zot:5    | Got the Orb of Zot
 58168 | D:8      | Lost mutation: Your muscles are strong. (Str +2) [a cacodemon]
 58169 | D:8      | Noticed Zyfuwir the pandemonium lord
 58268 | D:6      | Killed appiemonkey's ghost
 58372 | D:$      | Escaped with the Orb!

Skill      XL: |  1  2  3  4  5  6  7  8  9 10 11 12 13 14 15 16 17 18 19 20 21 22 23 24 25 26 27 |
---------------+----------------------------------------------------------------------------------+-----
Conjurations   | 5 6 7 8 |  8.1
Spellcasting   | 3 6 8 |  8.0
Fighting       | 2 4 5 7 9 10 11 12 13 14 15 16 17 18 19 | 19.7
Invocations    | 3 4 6 7 8 9 10 11 12 14 15 | 15.2
Polearms       | 1 5 7 9 11 13 14 16 18 19 | 19.4
Armour         | 3 4 6 11 14 15 16 17 18 19 | 19.3
Dodging        | 4 5 6 7 8 9 10 11 12 14 15 | 15.7
Shields        | 2 4 6 9 12 14 15 16 17 18 | 18.8
Stealth        | 7 9 11 | 11.1

Action                   |  1- 3 |  4- 6 |  7- 9 | 10-12 | 13-15 | 16-18 | 19-21 | 22-24 | 25-27 || total
-------------------------+-------+-------+-------+-------+-------+-------+-------+-------+-------++-------
Melee: Short sword       |     7 |     2 |       |       |       |       |       |       |       ||     9
       Bite              |     2 |     1 |    11 |    99 |   370 |   489 |   545 |   698 |   850 ||  3065
       Rapier            |       |     2 |       |       |       |       |       |       |       ||     2
       Glaive            |       |       |    66 |   305 |   428 |       |       |       |       ||   799
       Headbutt          |       |       |     6 |    77 |   121 |       |       |       |       ||   204
       Staff             |       |       |       |    81 |    12 |       |       |       |       ||    93
       Demon trident     |       |       |       |       |   805 |  1345 |  1930 |  1743 |  1984 ||  7807
 Cast: Magic Dart        |    48 |    79 |   101 |   170 |    69 |     7 |     6 |       |     2 ||   482
       Searing Ray       |     6 |    12 |    45 |    45 |    13 |       |       |       |       ||   121
       Dazzling Spray    |       |       |    19 |    21 |     6 |       |       |       |       ||    46
       Iskenderun's Myst |       |       |     4 |    44 |    23 |       |       |       |       ||    71
Invok: Fungal Bloom      |     4 |     9 |    25 |    57 |    87 |    67 |    60 |    36 |    49 ||   394
       Evolution         |       |       |     2 |    18 |    19 |    34 |    20 |    38 |    15 ||   146
       Sunlight          |       |       |       |     1 |     3 |     5 |     2 |       |       ||    11
       Growth            |       |       |       |       |     1 |     2 |       |       |     4 ||     7
       Reproduction      |       |       |       |       |     1 |       |     1 |     6 |     2 ||    10
Evoke: Wand              |       |       |     1 |     5 |     4 |     3 |       |       |     7 ||    20
  Use: Scroll            |       |       |    11 |    10 |    19 |    16 |    15 |     7 |    13 ||    91
       Potion            |       |       |     2 |       |     2 |       |       |       |    15 ||    19
 Stab: Sleeping          |     1 |     1 |       |     3 |    27 |    16 |    16 |    18 |     7 ||    89
       Invisible         |       |       |     1 |     3 |     1 |       |       |       |       ||     5
       Confused          |       |       |       |     7 |    16 |    13 |     3 |    12 |     4 ||    55
       Distracted        |       |       |       |     3 |     7 |     4 |     6 |     9 |    14 ||    43
       Petrifying        |       |       |       |       |       |       |     1 |       |       ||     1
  Eat: Chunk             |     2 |     6 |     7 |    22 |    36 |    21 |    25 |    21 |    11 ||   151
       Bread ration      |       |     1 |     3 |     3 |       |       |       |       |       ||     7
       Royal jelly       |       |       |       |     2 |       |     1 |       |     1 |     2 ||     6
       Meat ration       |       |       |       |     1 |     2 |     1 |     1 |       |     4 ||     9
Armor: Robe              |     6 |     2 |    11 |       |       |       |       |       |       ||    19
       Acid dragon scale |       |       |     1 |    22 |       |       |       |       |       ||    23
       Troll leather arm |       |       |       |   134 |   214 |    64 |       |       |       ||   412
       Chain mail        |       |       |       |       |       |   377 |   393 |   413 |   406 ||  1589
       Plate armour      |       |       |       |       |       |       |       |       |    10 ||    10
Dodge: Dodged            |     8 |    17 |    81 |   277 |   413 |   375 |   382 |   363 |   443 ||  2359
Block: Buckler           |       |       |       |       |   119 |   299 |    77 |       |       ||   495
       Shield            |       |       |       |       |       |       |   734 |   952 |   939 ||  2625
       Reflection        |       |       |       |       |       |       |   104 |    86 |    75 ||   265
